 Dungeon Crawl Stone Soup version 0.30-a0-1-g69b7b797bf (webtiles) character file.

Game seed: 8132341202442982854

514 BritishOli the Trooper (level 7, -2/56 HPs)
             Began as a Demonspawn Fighter on Aug 19, 2022.
             Slain by a lemure (3 damage)
             ... led by Pikel
             ... on level 4 of the Dungeon.
             The game lasted 00:03:17 (3454 turns).

BritishOli the Trooper (Demonspawn Fighter)         Turns: 3454, Time: 00:03:19

Health: -2/56      AC:  8    Str: 18    XL:     7   Next: 0%
Magic:  7/7        EV:  9    Int:  9    God:
Gold:   184        SH:  6    Dex: 19    Spells: 6/6 levels left

rFire   . . .      SeeInvis .    a - +0 long sword
rCold   . . .      Faith    .    c - +0 buckler
rNeg    . . .      Spirit   .    b - +0 scale mail
rPois   .          Reflect  .    (no helmet)
rElec   .          Harm     .    (no cloak)
rCorr   .          Rampage  .    (no gloves)
Will    .....                    (no boots)
Stlth   ..........               (no amulet)
HPRegen 0.18/turn                j - +6 ring of dexterity
MPRegen 0.10/turn                (no ring)

@: mighty
A: claws 2, rugged brown scales 1, powered by pain 1, spiny 2
a: no special abilities


You were on level 4 of the Dungeon.
You visited 1 branch of the dungeon, and saw 4 of its levels.

You collected 184 gold pieces.

Inventory:

Hand Weapons
 a - a +0 long sword (weapon)
Armour
 b - a +0 scale mail (worn)
 c - a +0 buckler (worn)
Jewellery
 h - a ring of willpower
 j - a +6 ring of dexterity (left claw)
Wands
 i - a wand of mindburst (23)
 u - a wand of flame (8)
Scrolls
 e - 2 scrolls of butterflies {unknown}
 g - 3 scrolls of identify {unknown}
 k - a scroll of torment {unknown}
 m - a scroll of silence {unknown}
 n - a scroll of summoning {unknown}
 o - a scroll of acquirement {unknown}
 p - a scroll of enchant weapon {unknown}
 q - a scroll of amnesia {unknown}
 r - 3 scrolls of brand weapon {unknown}
 v - a scroll of immolation {unknown}
Potions
 d - a potion of might
 f - a potion of invisibility {unknown}
 l - a potion of attraction {unknown}
 s - 2 potions of degeneration {unknown}
 t - a potion of mutation {unknown}
 w - a potion of lignification {unknown}


   Skills:
 + Level 4.7 Fighting
 + Level 3.8 Long Blades
 + Level 4.2 Armour
 + Level 4.2 Shields


You had 6 spell levels left.
You didn't know any spells.
Your spell library contained the following spells:

 Spells                   Type           Power      Damage    Failure   Level
 Summon Small Mammal      Summ           0%         N/A       85%         1
 Call Canine Familiar     Summ           0%         N/A       99%         3
 Summon Guardian Golem    Hex/Summ       0%         N/A       99%         3


Dungeon Overview and Level Annotations

Branches:
Dungeon (4/15)
 Temple: D:4-7

Altars:
Cheibriados
Fedhas
Makhleb
Ru
Xom

Annotations:
D:4 Pikel


Innate Abilities, Weirdness & Mutations

You have very sharp fingernails.
You are partially covered in rugged brown scales. (AC +1, +3% HP)
You sometimes gain a little power by taking damage.
You are mostly covered in sharp spines.


Message History

The lemure is struck by your spines. The lemure closely misses you.
There are monsters nearby!
You slash the lemure!
You kill the lemure!
That felt strangely unrewarding.
You block Pikel's attack.
You hit Pikel but do no damage.
Pikel hits you with a +0 whip of electrocution!
You are electrocuted!!
You focus on the pain.
You feel very mighty all of a sudden. You block Pikel's attack.
You are too injured to fight recklessly!
You are too injured to fight recklessly!
You are too injured to fight recklessly!
Pikel is struck by your spines.
Pikel hits you with a +0 whip of electrocution.
You are electrocuted!
* * * LOW HITPOINT WARNING * * *
The lemure hits you.
* * * LOW HITPOINT WARNING * * *
The lemure is struck by your spines. The lemure hits you.
* * * LOW HITPOINT WARNING * * *
You hit Pikel but do no damage.
Pikel is lightly wounded.
You block Pikel's attack. The lemure is struck by your spines.
The lemure hits you but does no damage. The lemure is struck by your spines.
The lemure hits you but does no damage.
You slash Pikel!
Pikel is moderately wounded.
Pikel hits you with a +0 whip of electrocution.
* * * LOW HITPOINT WARNING * * *
The lemure hits you.
* * * LOW HITPOINT WARNING * * *
The lemure hits you but does no damage.
You slash Pikel!
Pikel is severely wounded.
You block the lemure's attack.
Pikel hits you with a +0 whip of electrocution.
* * * LOW HITPOINT WARNING * * *
The lemure hits you.
You die...

. .. .. ##### . ..
####...# ##. . .
.......# #..
.<..####5..### #.#
.....55@.....# #.#
....#.K##.##.# #.# . #..
#.##.####.#### ...?
..##.#.......#
#.#..#####.#.##.##.#
......#####.#.##.##.##
.##.#........#.##.....##
.....................
...######.###....##


You could see Pikel and 3 lemures.

Vanquished Creatures
  Sigmund (D:3)
  An ogre (D:4)
  A lemure (D:4)
  Blork the orc (D:4)
  Jessica (D:3)
  Terence (D:2)
  An orc wizard (D:3)
  3 adders
  A worm (D:2)
  3 dart slugs
  9 orcs
  6 ball pythons
  5 bats
  8 endoplasms
  4 giant cockroaches
  4 goblins
  6 hobgoblins
  3 jackals (D:1)
  A quokka (D:1)
  4 frilled lizards
  11 kobolds
  6 rats
81 creatures vanquished.

Notes
Turn   | Place    | Note
-------+----------+-------------------------------------------
     0 | D:1      | BritishOli the Demonspawn Fighter began the quest for the
                  | Orb.
     0 | D:1      | Reached XP level 1. HP: 18/18 MP: 1/1
    91 | D:1      | Gained mutation: You are partially covered in sharp spines.
                  | [demonic ancestry]
    91 | D:1      | Reached XP level 2. HP: 20/24 MP: 2/2
   521 | D:1      | Gained mutation: You have sharp fingernails. [demonic
                  | ancestry]
   521 | D:1      | Reached XP level 3. HP: 29/29 MP: 3/3
   867 | D:2      | Noticed Terence
   874 | D:2      | Killed Terence
  1027 | D:2      | Gained mutation: You are mostly covered in sharp spines.
                  | [demonic ancestry]
  1027 | D:2      | Reached XP level 4. HP: 36/36 MP: 4/4
  1835 | D:3      | Found a faded altar of an unknown god.
  1906 | D:3      | Noticed Sigmund
  1917 | D:3      | Killed Sigmund
  1918 | D:3      | Gained mutation: You are partially covered in rugged brown
                  | scales. (AC +1, +3% HP) [demonic ancestry]
  1918 | D:3      | Reached XP level 5. HP: 31/43 MP: 5/5
  1918 | D:3      | Gained mutation: You have very sharp fingernails. [demonic
                  | ancestry]
  1918 | D:3      | Reached XP level 6. HP: 35/49 MP: 6/6
  2168 | D:3      | Noticed Jessica
  2170 | D:3      | Killed Jessica
  2648 | D:3      | Found a broken altar of Ashenzari.
  2651 | D:3      | Found a shimmering altar of Xom.
  2651 | D:3      | Found a burning altar of Makhleb.
  2653 | D:3      | Found a blossoming altar of Fedhas.
  2653 | D:3      | Found a sacrificial altar of Ru.
  2653 | D:3      | Found a snail-covered altar of Cheibriados.
  3081 | D:4      | Found a sacrificial altar of Ru.
  3089 | D:4      | Noticed Blork the orc
  3099 | D:4      | Killed Blork the orc
  3102 | D:4      | Gained mutation: You sometimes gain a little power by
                  | taking damage. [demonic ancestry]
  3102 | D:4      | Reached XP level 7. HP: 14/56 MP: 7/7
  3444 | D:4      | Noticed Pikel
  3454 | D:4      | HP: 1/56 [Pikel/+0 whip of electrocution (3)]
  3454 | D:4      | Slain by a lemure

Illustrated notes

Levels and vault maps discovered:
D:1:      dpeg_arrival_yet_another_circle, layout_basic, serial_bayou_pond_e
D:2:      layout_loops_corners, uniq_terence
D:3:      layout_loops_ring, doesnt_xom_only_xom,
          chequers_ecumenical_altar_island, minmay_misc_feat_plants,
          uniq_sigmund, uniq_jessica
D:4:      layout_loops_corners, nicolae_qazlal_scattered_showers,
          nicolae_ru_sacrificial_ziggurat, mainiacjoe_overflow_catwalk,
          uniq_pikel, uniq_blork_the_orc

Skill      XL: |  1  2  3  4  5  6 |
---------------+-------------------+-----
Long Blades    | 2 3 |  3.8
Shields        | 3 4 |  4.2
Armour         | 3 4 |  4.2
Fighting       | 4 |  4.7

Action                   |  1- 3 |  4- 6 |  7- 9 || total
-------------------------+-------+-------+-------++-------
Melee: Long sword        |    57 |    78 |     7 ||   142
Armor: Scale mail        |    21 |    20 |     3 ||    44
Dodge: Dodged            |    16 |    18 |     2 ||    36
Block: Buckler           |    11 |    28 |     4 ||    43

Table legend: (Time is in decaauts)
 A = Elapsed time spent in this place.
 B = Non-inter-level travel time spent in this place.
 C = Inter-level travel time spent in this place.
 D = Time resting spent in this place.
 E = Time spent auto-exploring this place.
 F = Levels seen in this place.
 G = Mean time per level.
                   A        B        C        D        E       F      G
               +--------+--------+--------+--------+--------+-----+--------+
         Total |   3500 |   3372 |    128 |    233 |   2721 |   4 |  875.0 |
       Dungeon |   3500 |   3372 |    128 |    233 |   2721 |   4 |  875.0 |
               +--------+--------+--------+--------+--------+-----+--------+

Top non-repeatable levels by time:
     D:3: 995 daAuts
     D:2: 950 daAuts
     D:1: 851 daAuts
     D:4: 703 daAuts
